 Dungeon Crawl Stone Soup version 0.30-a0-748-ge6a52f7cba (webtiles) character file.

Game seed: 1982178588633202855

3726 Dittersdorf the Blocker (level 10, -5/65 HPs)
             Began as a Gargoyle Fighter on Feb 8, 2023.
             Shot with an arrow by a centaur warrior (17 damage)
             ... on level 8 of the Dungeon.
             The game lasted 00:09:43 (8367 turns).

Dittersdorf the Blocker (Gargoyle Fighter)          Turns: 8367, Time: 00:09:43

Health: -5/65      AC: 28    Str: 24    XL:     10   Next: 14%
Magic:  10/10      EV:  9    Int:  9    God:
Gold:   445        SH: 12    Dex:  9    Spells: 9/9 levels left

rFire   . . .      SeeInvis .    s - +0 flail (protect)
rCold   . . .      Faith    .    v - +2 kite shield
rNeg    + . .      Spirit   .    w - +3 ring mail
rPois   ∞          Reflect  .    (no helmet)
rElec   +          Harm     .    (no cloak)
rCorr   .          Rampage  .    q - +1 pair of gloves
Will    .....                    l - +1 pair of boots {Fly} Stlth
                                 (no amulet)
HPRegen 0.30/turn                (no ring)
MPRegen 0.12/turn                (no ring)

@: under a protective aura, flying
A: sickness immunity, AC +7, negative energy resistance 1, electricity
resistance, torment resistance 1, petrification resistance
a: no special abilities


You were on level 8 of the Dungeon.
You visited 2 branches of the dungeon, and saw 9 of its levels.
You also visited: Sewer.

You collected 445 gold pieces.

Inventory:

Hand Weapons
 s - a +0 flail of protection (weapon)
Missiles
 m - a curare-tipped dart (quivered)
Armour
 a - a +0 plate armour
 l - a +1 pair of boots of flying (worn)
 q - a +1 pair of gloves (worn)
 v - a +2 kite shield (worn)
 w - a +3 ring mail (worn)
Jewellery
 r - a ring of fire
Wands
 b - a wand of light (6)
Scrolls
 c - a scroll of teleportation
 e - a scroll of enchant weapon
 i - 2 scrolls of magic mapping
 j - 2 scrolls of fog
 x - a scroll of immolation {unknown}
Potions
 d - a potion of might
 f - a potion of ambrosia {unknown}
 g - 2 potions of curing
 h - a potion of haste
 k - 4 potions of heal wounds {unknown}
 n - 3 potions of resistance
 o - 2 potions of cancellation
 p - 4 potions of mutation
 t - a potion of flight {unknown}
 u - a potion of brilliance


   Skills:
 + Level 8.5 Fighting
 + Level 7.4 Maces & Flails
 + Level 8.5 Armour
 + Level 8.5 Shields


You had 9 spell levels left.
You didn't know any spells.
Your spell library contained the following spells:

 Spells                   Type           Power      Damage    Failure   Level
 Beastly Appendage        Tmut           0%         N/A       82%         1
 Freeze                   Ice            0%         1d3       82%         1
 Ensorcelled Hibernation  Hex/Ice        0%         N/A       91%         2
 Wereblood                Tmut           0%         N/A       91%         2
 Frozen Ramparts          Ice            0%         1d1       99%         3
 Hailstorm                Conj/Ice       0%         3d3       99%         3
 Spider Form              Tmut/Pois      0%         N/A       99%         3
 Summon Guardian Golem    Hex/Summ       0%         N/A       99%         3
 Anguish                  Hex/Necr       0%         N/A       100%        4
 Enfeeble                 Hex            0%         N/A       100%        7
 Orb of Destruction       Conj           0%         9d5       100%        7
 Spellforged Servitor     Conj/Summ      0%         N/A       100%        7


Dungeon Overview and Level Annotations

Branches:
Dungeon (8/15)             Temple (1/1) D:6           Sewer (visited)
   Lair: D:8-11

Altars:
Cheibriados
Fedhas
Gozag
Kikubaaqudgha
Makhleb
Nemelex Xobeh
Qazlal
Ru
Sif Muna
Trog
Uskayaw
Wu Jian
Xom
Yredelemnul
Zin
The Shining One

Shops:
D:5 *


Innate Abilities, Weirdness & Mutations

You are immune to sickness and miasma.
Your stone body is resilient. (AC +7)
You are immune to poison.
You resist negative energy. (rN+)
You are resistant to electric shocks. (rElec)
You are resistant to unholy torment.
You are immune to petrification.


Message History

You are too injured to fight recklessly!
You are too injured to fight recklessly!
You are too injured to fight recklessly!
You are too injured to fight recklessly!
You are too injured to fight recklessly!
You are too injured to fight recklessly!
You are too injured to fight recklessly!
You are too injured to fight recklessly!
You are too injured to fight recklessly!
You are too injured to fight recklessly!
You are too injured to fight recklessly!
You are too injured to fight recklessly!
You are too injured to fight recklessly!
You are too injured to fight recklessly!
You barely miss the centaur warrior.
The centaur warrior is moderately wounded.
The centaur warrior hits you but does no damage.
You block the centaur warrior's attack.
The centaur warrior hits you but does no damage.
You block the centaur warrior's attack.
You sock the centaur warrior!
The centaur warrior is heavily wounded.
The centaur warrior closely misses you.
The centaur warrior kicks you but does no damage.
A water moccasin comes into view.
The centaur shoots an arrow.
The arrow hits you.
You closely miss the centaur warrior.
The centaur warrior is heavily wounded.
The water moccasin hisses angrily.
The centaur warrior hits you with a +0 mace!
* * * LOW HITPOINT WARNING * * *
The centaur warrior kicks you but does no damage.
The centaur shoots an arrow.
The arrow barely misses you.
The centaur warrior hits you but does no damage.
The centaur warrior closely misses you.
The centaur shoots an arrow.
You block the arrow.
The centaur warrior unwields a +0 mace.
The centaur warrior wields a +0 shortbow.
The centaur warrior shoots an arrow.
The arrow hits you!
You die...

.. #..................#
...#..####......#.....#
...##.####......#....##
.....o.##......##.....#
........#.....##.....##
...()............^...##
........#.#...c.......#
........####.........##
..........Sc....@....[##
#......................#
##.............#..[)..##
#......#......##.[<...#
#......#..............#
#.......#............###
.........#.......#..##
........#..........#
..................#


You could see a centaur warrior, a water moccasin and a centaur.

Vanquished Creatures
  Psyche (D:8)
  Sigmund (D:5)
  A wyvern (D:8)
  A steam dragon (D:7)
  An orc warrior (D:5)
  A sky beast (D:7)
  3 ice beasts
  A phantom (D:5)
  8 kobold brigands
  A gnoll sergeant (D:7)
  4 scorpions
  12 wights
  2 howler monkeys (D:7)
  2 electric eels (D:7)
  2 jellies (D:5)
  4 orc priests
  3 hounds
  9 iguanas
  An orc wizard (D:8)
  6 adders
  10 gnolls
  4 ufetubi
  3 worms
  4 dart slugs
  19 orcs
  7 bats
  10 endoplasms
  7 giant cockroaches
  10 hobgoblins
  4 jackals (D:3)
  21 kobolds
  6 quokkas
  8 ball pythons
  6 frilled lizards
  6 goblins
  5 rats
194 creatures vanquished.

Vanquished Creatures (others)
  A fungus (Sewer)
  6 plants (Sewer)
7 creatures vanquished.

Grand Total: 201 creatures vanquished

Notes
Turn   | Place    | Note
-------+----------+-------------------------------------------
     0 | D:1      | Dittersdorf the Gargoyle Fighter began the quest for the
                  | Orb.
     0 | D:1      | Reached XP level 1. HP: 14/14 MP: 1/1
   142 | D:1      | Reached XP level 2. HP: 19/19 MP: 2/2
   273 | D:1      | Reached XP level 3. HP: 23/23 MP: 3/3
   914 | D:2      | Found a burning altar of Makhleb.
   974 | D:2      | Reached XP level 4. HP: 29/29 MP: 4/4
  1678 | D:3      | Found a glowing drain.
  1698 | Sewer    | Entered a sewer
  1715 | Sewer    | Noticed a kobold brigand
  1727 | Sewer    | Killed a kobold brigand
  1728 | Sewer    | Reached XP level 5. HP: 16/33 MP: 5/5
  1853 | Sewer    | Noticed a kobold brigand
  1853 | Sewer    | Noticed a kobold brigand
  1970 | Sewer    | Killed a kobold brigand
  1971 | Sewer    | Reached XP level 6. HP: 22/39 MP: 6/6
  2183 | Sewer    | Reached skill level 5 in Fighting
  2183 | Sewer    | Reached skill level 5 in Armour
  2183 | Sewer    | Reached skill level 5 in Shields
  2183 | Sewer    | Reached XP level 7. HP: 27/44 MP: 7/7
  2796 | D:3      | You are sucked into a shaft and drop 2 floors!
  2796 | D:5      | Entered Level 5 of the Dungeon
  2797 | D:5      | yay!
  2797 | D:5      | Noticed Sigmund
  2804 | D:5      | Killed Sigmund
  2858 | D:5      | Reached XP level 8. HP: 49/51 MP: 8/8
  2934 | D:5      | Reached skill level 5 in Maces & Flails
  3971 | D:4      | Found a shimmering altar of Xom.
  5087 | D:5      | Identified the +1 longbow of Resourcefulness {elec, rF+}
  5102 | D:5      | Found Wairuips's Assorted Antiques.
  5748 | D:6      | Found a hide-covered altar of Uskayaw.
  5782 | D:6      | Found a staircase to the Ecumenical Temple.
  5795 | Temple   | Entered the Ecumenical Temple
  6033 | D:6      | Reached XP level 9. HP: 51/56 MP: 9/9
  6366 | D:6      | Identified the +9 quarterstaff of Fixation {spect, rElec
                  | Str+3}
  8042 | D:8      | Noticed Psyche
  8054 | D:8      | Killed Psyche
  8055 | D:8      | Reached XP level 10. HP: 56/64 MP: 10/10
  8083 | D:8      | Noticed a centaur warrior
  8367 | D:8      | Shot with an arrow by a centaur warrior

Illustrated notes # ##.###### #...@...# #..####.# #. # Turn 2797 on D:5: yay!

Levels and vault maps discovered:
D:1:      dpeg_arrival_signposts, layout_rooms, minmay_misc_feat_doors,
          minmay_misc_feat_tower
D:2:      layout_loops_ring, basic_altar
D:3:      layout_loops_corners, cheibrodos_sewer_entry_drain,
          grunt_decor_one_mirror, minmay_misc_feat_columns
D:4:      layout_layer_cave, marbit_many_paths
D:5:      layout_basic, serial_shops, shop, uniq_sigmund
D:6:      layout_basic, nicolae_uskayaw_suspiria,
          minmay_temple_entry_sparse_star
D:7:      layout_rooms, nicolae_water_bricks, grunt_ministairs_14,
          chequers_arboretum
D:8:      minmay_bloctagon, layout_cave_pools, kennysheep_opposing_triangles,
          uniq_psyche
Temple:   nicolae_temple_figure_eight

Skill      XL: |  1  2  3  4  5  6  7  8  9 |
---------------+----------------------------+-----
Fighting       | 4 5 6 8 |  8.5
Shields        | 4 5 6 8 |  8.5
Armour         | 4 5 6 8 |  8.5
Maces & Flails | 3 4 5 7 |  7.4

Action                     |  1- 3 |  4- 6 |  7- 9 | 10-12 || total
---------------------------+-------+-------+-------+-------++-------
  Melee: Flail             |   105 |   136 |   620 |    39 ||   900
  Throw: Dart              |       |       |     3 |       ||     3
    Use: Scroll            |       |     1 |    12 |       ||    13
 Armour: Scale mail        |    66 |    95 |   129 |       ||   290
         Chain mail        |       |       |   224 |       ||   224
         Ring mail         |       |       |   115 |    28 ||   143
  Dodge: Dodged            |    56 |    77 |   280 |    20 ||   433
  Block: Buckler           |    23 |    38 |   141 |       ||   202
         Kite shield       |       |       |    82 |    35 ||   117

Table legend: (Time is in decaauts)
 A = Elapsed time spent in this place.
 B = Non-inter-level travel time spent in this place.
 C = Inter-level travel time spent in this place.
 D = Time resting spent in this place.
 E = Time spent auto-exploring this place.
 F = Levels seen in this place.
 G = Mean time per level.
                   A        B        C        D        E       F      G
               +--------+--------+--------+--------+--------+-----+--------+
         Total |   8568 |   8162 |    406 |    954 |   5251 |  10 |  856.8 |
       Dungeon |   7617 |   7235 |    382 |    740 |   4854 |   8 |  952.1 |
        Temple |    232 |    208 |     24 |      0 |    207 |   1 |  232.0 |
         Sewer |    719 |    719 |      0 |    214 |    190 |   1 |  719.0 |
               +--------+--------+--------+--------+--------+-----+--------+

Top non-repeatable levels by time:
     D:6: 1264 daAuts
     D:7: 1237 daAuts
     D:5: 1104 daAuts
     D:4: 1088 daAuts
     D:3: 971 daAuts
     D:1: 896 daAuts
     D:2: 828 daAuts
   Sewer: 719 daAuts
  Temple: 232 daAuts
     D:8: 226 daAuts
